 Dungeon Crawl Stone Soup version 0.30-a0-618-gd6c86c23d0 (webtiles) character file.

Game seed: 13882070461143106006

87 bmack86 the Trooper (level 4, -5/41 HPs)
             Began as a Minotaur Fighter on Jan 9, 2023.
             Slain by Sigmund
             ... wielding a +2 scythe of protection
              (7 damage)
             ... on level 3 of the Dungeon.
             The game lasted 00:04:03 (1580 turns).

bmack86 the Trooper (Minotaur Fighter)              Turns: 1580, Time: 00:04:04

Health: -5/41      AC:  7    Str: 23    XL:     4   Next: 28%
Magic:  3/3        EV:  9    Int:  5    God:
Gold:   133        SH:  0    Dex:  9    Spells: 3/3 levels left

rFire   . . .      SeeInvis .    a - +0 war axe
rCold   . . .      Faith    .    c - +0 buckler
rNeg    . . .      Spirit   .    b - +0 scale mail
rPois   .          Reflect  .    (helmet restricted)
rElec   .          Harm     .    (no cloak)
rCorr   .          Rampage  .    (no gloves)
Will    .....                    (no boots) Stlth
                                 (no amulet)
HPRegen 0.26/turn                (no ring)
MPRegen 0.08/turn                (no ring)

@: confused
A: horns 2, retaliatory headbutt
a: no special abilities


You were on level 3 of the Dungeon.
You visited 1 branch of the dungeon, and saw 3 of its levels.

You collected 133 gold pieces.

Inventory:

Hand Weapons
 a - a +0 war axe (weapon)
Missiles
 g - 2 poisoned darts (quivered)
Armour
 b - a +0 scale mail (worn)
 c - a +0 buckler (worn)
Jewellery
 j - an amulet of guardian spirit
Wands
 q - a wand of charming (8)
Scrolls
 f - a scroll of butterflies {unknown}
 h - a scroll of torment {unknown}
 l - 2 scrolls of enchant weapon {unknown}
 o - 4 scrolls of identify {unknown}
 p - a scroll of vulnerability {unknown}
 s - a scroll of immolation {unknown}
Potions
 d - 2 potions of might
 e - 3 potions of curing {unknown}
 i - a potion of magic {unknown}
 k - a potion of heal wounds {unknown}
 m - 3 potions of mutation {unknown}
 n - a potion of haste {unknown}
 r - a potion of ambrosia {unknown}


   Skills:
 * Level 4.6 Fighting
 * Level 3.9 Axes
 + Level 4.0 Armour
 + Level 4.2 Shields


You had 3 spell levels left.
You didn't know any spells.
Your spell library contained the following spells:

 Spells                   Type           Power      Damage    Failure   Level
 Necrotise                Necr           0%         1d4       86%         1
 Vampiric Draining        Necr           0%         2d6       99%         3
 Agony                    Necr           0%         N/A       100%        5


Dungeon Overview and Level Annotations

Branches:
Dungeon (3/15)

Altars:
Makhleb
Uskayaw

Annotations:
D:3 Sigmund


Innate Abilities, Weirdness & Mutations

You have a pair of horns on your head.
You reflexively headbutt those who attack you in melee.


Message History

Sigmund the Dreaded comes into view.
He is wielding a +2 scythe of protection.
Sigmund hits you with a +2 scythe of protection!
You block Sigmund's attack.
You see here 6 stones.
You barely miss Sigmund. Sigmund closely misses you.
You barely miss Sigmund. Sigmund gestures at you while chanting.
The magic dart hits you!
You closely miss Sigmund. You block Sigmund's attack.
You hit Sigmund.
Sigmund is lightly wounded.
Sigmund hits you with a +2 scythe of protection.
You slash Sigmund! You headbutt Sigmund.
Sigmund is heavily wounded.
You slash Sigmund!
Sigmund is almost dead.
Sigmund hits you with a +2 scythe of protection!
You closely miss Sigmund. You headbutt Sigmund, but do no damage.
Sigmund is almost dead.
Sigmund hits you with a +2 scythe of protection.
* * * LOW HITPOINT WARNING * * *
You hit Sigmund but do no damage.
Sigmund is almost dead.
Sigmund casts a spell at you.
You are confused.
You hit Sigmund but do no damage.
Sigmund is almost dead.
Sigmund casts a spell at you. The puff of flame hits you.
* * * LOW HITPOINT WARNING * * *
Sigmund hits you with a +2 scythe of protection.
* * * LOW HITPOINT WARNING * * *
You're too confused to move!
You're too confused to move!
Sigmund hits you with a +2 scythe of protection.
* * * LOW HITPOINT WARNING * * *
You barely miss Sigmund. You headbutt Sigmund.
Sigmund is almost dead.
Sigmund hits you with a +2 scythe of protection!
You die...

#.##############
##.##
######...##########
..................#
####.....#####.##.#
#..#.## #†##.#
#..#.# #.##.#
##.###..#.###
#.##.####
.......@....#
#.##.....
......#@###.#
#.####### ##......#
.# #.# #......###.#
#.# ..#.........#
#.#######
##......##..#
#........
.#.....##..#
#########
.#.#..##..#
#..#.##..#


You could see Sigmund.

Vanquished Creatures
  A gnoll (D:1)
  2 adders (D:2)
  A worm (D:2)
  A dart slug (D:1)
  4 ball pythons
  2 endoplasms (D:1)
  3 giant cockroaches
  2 goblins
  A hobgoblin (D:1)
  6 jackals (D:1)
  2 quokkas
  5 bats
  2 frilled lizards (D:1)
  10 kobolds
  14 rats
56 creatures vanquished.

Notes
Turn   | Place    | Note
-------+----------+-------------------------------------------
     0 | D:1      | bmack86 the Minotaur Fighter began the quest for the Orb.
     0 | D:1      | Reached XP level 1. HP: 19/19 MP: 0/0
   201 | D:1      | Reached XP level 2. HP: 27/27 MP: 1/1
   335 | D:1      | Reached XP level 3. HP: 24/33 MP: 2/2
   811 | D:2      | Found a faded altar of an unknown god.
   930 | D:2      | Reached XP level 4. HP: 34/41 MP: 3/3
  1462 | D:3      | Found a burning altar of Makhleb.
  1464 | D:3      | Found a hide-covered altar of Uskayaw.
  1565 | D:3      | Noticed Sigmund
  1579 | D:3      | HP: 1/41 [Sigmund/+2 scythe of protection (2)]
  1580 | D:3      | Slain by Sigmund

Illustrated notes

Levels and vault maps discovered:
D:1:      evilmike_arrival_hilbert_curve, layout_basic, minmay_rat_gold_closets
D:2:      layout_basic, basic_ecumenical_altar
D:3:      layout_loops_ring, nicolae_overflow_hidden_temple, minmay_box_of_dots,
          uniq_sigmund

Skill      XL: |  1  2  3 |
---------------+----------+-----
Axes           | 3 |  3.9
Fighting       | 4 |  4.6
Shields        | 4 |  4.2
Armour         | 4 |  4.0

Action                   |  1- 3 |  4- 6 || total
-------------------------+-------+-------++-------
Melee: War axe           |    72 |    33 ||   105
       Headbutt          |     9 |     6 ||    15
Armor: Scale mail        |    53 |    11 ||    64
Dodge: Dodged            |    40 |     9 ||    49
Block: Buckler           |    13 |     7 ||    20

Table legend: (Time is in decaauts)
 A = Elapsed time spent in this place.
 B = Non-inter-level travel time spent in this place.
 C = Inter-level travel time spent in this place.
 D = Time resting spent in this place.
 E = Time spent auto-exploring this place.
 F = Levels seen in this place.
 G = Mean time per level.
                   A        B        C        D        E       F      G
               +--------+--------+--------+--------+--------+-----+--------+
         Total |   1617 |   1554 |     63 |      0 |    896 |   3 |  539.0 |
       Dungeon |   1617 |   1554 |     63 |      0 |    896 |   3 |  539.0 |
               +--------+--------+--------+--------+--------+-----+--------+

Top non-repeatable levels by time:
     D:1: 830 daAuts
     D:2: 594 daAuts
     D:3: 191 daAuts
